Tangles, neutral female sylph Healer ------- #.<....| #|....(. #------- # ----------- # |[[[[[[[[.'E # |[[m[)[[@.|# ---------# |[[[[[[)[. # |... ...|## ---------- ### |..- -..|## # |..| |..|### ##...| |..|# |..---..|# |........# --------- Tangles the Embalmer Experience level: 7 Strength: 9 Dexterity: 12 Constitution: 16 Intelligence: 10 Wisdom: 16 Charisma: 16 Health: 0(56) Energy: 74(74) Def: 1 Gold: 332 Moves: 8956 Dungeon seed: 6FaFx6c9mwm_yNc6 Game ID: Tangles_1470221635 Your Inventory: Coins $ - 332 gold pieces Weapons D - 60 +0 darts (in quiver) Armor n - a blessed +1 dwarvish cloak (being worn) Comestibles a - a blessed eucalyptus leaf named skippy H - 3 uncursed tripe rations Scrolls w - an uncursed scroll of identify Potions b - a cursed potion of speed Rings h - an uncursed ring of shock resistance y - an uncursed ring of protection from shape changers Y - an uncursed ring of conflict Wands f - a wand of sleep (0:7) u - a wand of magic missile (0:4) v - a cursed wand of slow monster (0:6) A - a wand of enlightenment (0:9) C - a wand of slow monster (0:5) I - a wand of digging (0:3) L - a wand of make invisible (0:6) M - a wand of teleportation (0:3) N - a wand of digging (0:7) O - a wand of striking (0:4) P - a wand of digging (0:7) R - a wand of digging (0:8) S - a wand of undead turning (0:6) Tools c - an uncursed stethoscope l - an uncursed skeleton key m - a magic harp (0:0) x - a magic marker (0:64) F - a blessed bag of holding W - an uncursed oil lamp (0:277) X - a +0 unicorn horn (weapon in hands) Gems e - 2 uncursed flint stones q - a blessed luckstone r - an uncursed worthless piece of red glass Contents of the bag of holding: an uncursed +1 pair of leather gloves an uncursed egg 8 blessed eucalyptus leaves an uncursed tripe ration 2 uncursed scrolls of blank paper an uncursed scroll of create monster 2 uncursed scrolls of destroy armor a blessed scroll of enchant armor 3 uncursed scrolls of enchant weapon a cursed scroll of food detection an uncursed scroll of genocide an uncursed scroll of identify a blessed scroll of light 2 uncursed scrolls of light an uncursed scroll of magic mapping a blessed scroll of remove curse 2 uncursed scrolls of teleportation 3 uncursed potions of extra healing an uncursed potion of gain ability 4 uncursed potions of healing 2 uncursed potions of object detection an uncursed ring of levitation an uncursed brass lantern (0:1348) a +0 pick-axe Spells and supernatural/magical abilities: Name Level Category Fail Memory h - healing 1 healing 0% 56% l - light 1 divination 18% 70% n - detect monsters 1 divination 18% 73% x - extra healing 3 healing 20% 56% S - stone to flesh 3 healing 35% 56% W - pray for help -- divine ? -- Your skills at the end: Miscellaneous Skills wands [Basic] Weapon Skills knife [Basic] dart [Basic] unicorn horn [Skilled] Spellcasting Skills healing spells [Basic] Final Attributes: You were piously aligned. You were poison resistant. You saw invisible. You had infravision. You were displaced. You were stealthy. You were protected. You were protected from shape changers. You were unlucky. You had extra luck. Good luck did not time out for you. Hermes was angry with you. You are dead. Vanquished creatures: a vampire lord a vampire 2 stalkers an air elemental an ettin mummy a dwarf king a chameleon 2 crocodiles an elf mummy 2 wolves a lynx a leprechaun 2 quivering blobs 3 giant spiders a black light a forest centaur a gnome king an orc mummy 3 dwarf mummies a gold golem a werewolf a jaguar 2 dwarf lords a water nymph a white unicorn 2 gnome mummies a snake a fire ant 2 bugbears a wood nymph a rock piercer a yellow light 2 shriekers 8 gnome lords 2 gnomish wizards 2 kobold mummies a golden naga hatchling a guardian naga hatchling 2 elf zombies a ghoul a paper golem a giant ant 3 floating eyes 16 dwarves 2 homunculi 2 kobold lords 2 kobold shamans 3 iguanas 6 hill orcs a rothe 2 giant bats 2 orc zombies a wererat 7 killer bees a gas spore 6 hobbits an acid blob a large kobold 3 geckos a hobgoblin 5 giant rats 3 cave spiders a brown mold a red mold 34 gnomes 2 garter snakes 2 gnome zombies 9 jackals 2 foxes a kobold 3 newts 3 goblins a sewer rat 7 grid bugs a bat 5 lichens a kobold zombie 205 creatures vanquished. Voluntary challenges: You followed a strict vegan diet. You had been an atheist until turn 2491. You used a wielded weapon 467 times, starting on turn 1. You did not apply a unicorn horn. You read items or engraved 8 times, starting on turn 2770. You never genocided any monsters. You never polymorphed an object. You never changed form. You used no wishes. You never split a pudding. You wrote Elbereth's name 4 times, starting on turn 4230. You violated your moral code, losing 1 point of alignment, starting on turn 2566. Dungeon overview: The Dungeons of Doom: levels 1 to 6 Level 1 some fountains, a sink a long staircase Level 2 (v) a fountain Level 3 a general store, a sink Level 4 an altar to Hermes, some fountains stairs to The Gnomish Mines Level 5 Level 6 <- You were here an armor shop The Gnomish Mines: levels 5 to 13 Level 5 stairs to The Dungeons of Doom Level 6 Level 7 many shops, a temple to Hermes, a magic chest, some fountains, some trees Level 8 Level 9 Level 10 Level 11 Level 12 Level 13 a magic chest, some fountains History has recorded: On T:1 you entered the Dungeons of Doom to retrieve the Amulet of Yendor! On T:375 you reached level 2 of The Dungeons of Doom. On T:660 you reached level 3 of The Dungeons of Doom. On T:1429 you reached level 4 of The Dungeons of Doom. On T:1446 you reached level 5 of The Dungeons of Doom. On T:1487 you advanced to experience level 2. On T:1682 you reached level 1 of The Gnomish Mines. On T:2085 you reached level 2 of The Gnomish Mines. On T:2107 you advanced to experience level 3. On T:2369 you advanced to experience level 4. On T:2374 you reached level 3 of The Gnomish Mines. On T:2470 you entered the Minetown temple On T:2501 you opened a magic chest. On T:2509 you opened a magic chest. On T:2521 you opened a magic chest. On T:2527 you opened a magic chest. On T:2529 you opened a magic chest. On T:2529 you opened a magic chest. On T:2530 you opened a magic chest. On T:2542 you opened a magic chest. On T:2545 you opened a magic chest. On T:2651 you advanced to experience level 5. On T:2710 you opened a magic chest. On T:2727 you advanced to experience level 6. On T:3427 you opened a magic chest. On T:3428 you opened a magic chest. On T:3429 you opened a magic chest. On T:3466 you opened a magic chest. On T:4090 you opened a magic chest. On T:4101 you opened a magic chest. On T:4103 you opened a magic chest. On T:4103 you opened a magic chest. On T:4130 you reached level 4 of The Gnomish Mines. On T:4469 you advanced to experience level 7. On T:4563 you reached level 5 of The Gnomish Mines. On T:4601 you reached level 6 of The Gnomish Mines. On T:5450 you opened a magic chest. On T:5452 you opened a magic chest. On T:5462 you opened a magic chest. On T:5494 you reached level 7 of The Gnomish Mines. On T:5890 you reached level 8 of The Gnomish Mines. On T:6145 you advanced to experience level 8. On T:6282 you reached level 9 of The Gnomish Mines. On T:6282 you reached the bottom of the Mines. On T:6709 you opened a magic chest. On T:7329 you opened a magic chest. On T:7330 you opened a magic chest. On T:7330 you opened a magic chest. On T:7336 you opened a magic chest. On T:7343 you opened a magic chest. On T:7770 you opened a magic chest. On T:7953 you opened a magic chest. On T:7961 you opened a magic chest. On T:7966 you opened a magic chest. On T:7987 you opened a magic chest. On T:8676 you reached level 6 of The Dungeons of Doom. Score breakdown: Gold: 0 ( 0 points) Experience: 7 levels ( 600 points) Exploration: 13 levels ( 360 points) Discoveries: 25 items ( 1250 points) Variety of kills: 77 monsters ( 2000 points) Major goal: reached Mine's End ( 1000 points) Survival: died (score multiplied by 3) Total score: 15630 Latest messages: You try to draw healing from your surroundings, but you are too weak. The paper golem claws you! (2x) You feel that Hermes is displeased. You begin praying to Hermes. The paper golem claws you! (2x) You try to draw healing from your surroundings, but you are too weak. The paper golem claws you! You feel that Hermes is displeased. You begin praying to Hermes. The paper golem claws you! (3x) You try to draw healing from your surroundings, but you are too weak. The voice of Hermes rings out: "Thou art arrogant, mortal." "Thou must relearn thy lessons!" You feel foolish! Goodbye level 8. You begin praying to Hermes. The paper golem claws you! You die... Final status: Goodbye Tangles the Healer, killed by a paper golem, while praying... You died in The Dungeons of Doom on dungeon level 6 with 15630 points, and 332 pieces of gold, after 8956 moves. You were level 7 with a maximum of 56 hit points when you died.